 Dungeon Crawl Stone Soup version 0.30-a0-722-g3e6e8c874d (webtiles) character file.

Game seed: 6589867083294555536

4368 Newt the Eye of the Storm (level 10, -10/74 (76) HPs)
             Began as a Demonspawn Gladiator on Jan 27, 2023.
             Was a Priest of Qazlal.
             Mangled by a death yak (24 damage)
             ... on level 9 of the Dungeon.
             The game lasted 00:10:50 (8900 turns).

Newt the Eye of the Storm (Demonspawn Gladiator)    Turns: 8900, Time: 00:10:51

HP:   -10/74 (76)   AC:  6    Str: 18    XL:     10   Next: 13%
MP:   16/16         EV: 14    Int: 17    God:    Qazlal [***...]
Gold: 390           SH:  3    Dex: 22    Spells: 9/9 levels left

rFire   . . .      SeeInvis .    F - +5 trident (freeze)
rCold   + . .      Faith    .    (no shield)
rNeg    . . .      Spirit   .    v - +0 leather armour {rC+}
rPois   .          Reflect  .    c - +1 helmet
rElec   .          Harm     .    (no cloak)
rCorr   .          Rampage  .    H - +0 pair of gloves
Will    .....                    (no boots)
Stlth   ++                       (no amulet)
HPRegen 0.32/turn                p - +6 ring of dexterity
MPRegen 0.15/turn                s - +6 ring of intelligence

@: about to teleport, lightly drained, invisible
A: demonic guardian 1, powered by pain 2, big brain 1
a: Renounce Religion, Upheaval, Elemental Force


You were on level 9 of the Dungeon.
You worshipped Qazlal.
Qazlal was most pleased with you.
You visited 1 branch of the dungeon, and saw 9 of its levels.

You collected 390 gold pieces.

Inventory:

Hand Weapons
 a - a +0 rapier
 m - a +1 dagger of electrocution
 u - a +0 shortbow of freezing
 w - a +0 dagger of venom
 F - a +5 trident of freezing (weapon)
Missiles
 d - 4 throwing nets (quivered)
 g - 4 poisoned darts
 x - 4 boomerangs of dispersal
Armour
 b - a +0 leather armour
 c - a +1 helmet (worn)
 v - a +0 leather armour of cold resistance (worn)
 H - a +0 pair of gloves (worn)
Jewellery
 e - a ring of magical power
 p - a +6 ring of dexterity (left hand)
 s - a +6 ring of intelligence (right hand)
 t - a ring of resist corrosion
 J - a ring of fire
Wands
 q - a wand of polymorph (7)
 A - a wand of paralysis (19)
Scrolls
 f - 2 scrolls of teleportation
 r - a scroll of amnesia
 y - a scroll of enchant armour
 z - a scroll of poison
 B - a scroll of magic mapping
 E - a scroll of identify
 I - a scroll of fear
Potions
 h - 8 potions of curing
 i - a potion of magic
 k - 2 potions of ambrosia
 l - 2 potions of haste
 n - a potion of brilliance
 o - a potion of attraction
 C - a potion of mutation
 D - 2 potions of flight
 G - a potion of heal wounds


   Skills:
 - Level 6.0 Fighting
 - Level 4.0 Short Blades
 - Level 6.0 Polearms
 - Level 1.9 Ranged Weapons
 - Level 1.7 Throwing
 - Level 4.0 Dodging
 - Level 4.0 Stealth
 * Level 8.8 Invocations
 - Level 7.0 Evocations


You had 9 spell levels left.
You didn't know any spells.
Your spell library contained the following spells:

 Spells                   Type           Power      Damage    Failure   Level
 Sandblast                Erth           0%         2d4       28%         1
 Slow                     Hex            0%         N/A       28%         1
 Passwall                 Tmut/Erth      0%         N/A       38%         2
 Confusing Touch          Hex            0%         N/A       63%         3
 Dazzling Flash           Conj/Hex       0%         N/A       63%         3
 Gell's Gravitas          Tloc           0%         N/A       63%         3
 Inner Flame              Hex/Fire       0%         N/A       63%         3
 Stone Arrow              Conj/Erth      0%         3d7       63%         3
 Teleport Other           Tloc           0%         N/A       63%         3
 Vampiric Draining        Necr           0%         2d6       63%         3
 Flame Wave               Conj/Fire      0%         2d4       95%         4
 Sticky Flame             Conj/Fire      0%         2d3       95%         4
 Agony                    Necr           0%         N/A       100%        5
 Silence                  Hex/Air        0%         N/A       100%        5
 Dispersal                Tloc           0%         N/A       100%        6


Dungeon Overview and Level Annotations

Branches:
Dungeon (9/15)             Temple (0/1) D:7            Lair (0/5) D:9
    Orc (0/2) D:9

Altars:
Cheibriados
Hepliaklqana
Kikubaaqudgha
Okawaru
Qazlal
Sif Muna
Trog
Uskayaw
Wu Jian
Xom

Annotations:
D:7 2 transporters, Shayle's ghost, novice TeBr
D:8 exclusion: ice statue
D:9 Grum


Innate Abilities, Weirdness & Mutations

A weak demonic guardian rushes to your aid.
You sometimes gain power by taking damage.
You have an unusually large brain. (Int +2)


Message History

The wolf is severely wounded.
The wolf misses you. The wolf bites you!
You miss the wolf.
The wolf is severely wounded.
The wolf barely misses you. Grum hits you but does no damage.
The wolf barely misses you. The wolf bites you.
* * * LOW HITPOINT WARNING * * *
The wolf attacks as you move away! The wolf misses you.
The wolf attacks as you move away! The wolf bites you.
* * * LOW HITPOINT WARNING * * *
The wolf bites you.
* * * LOW HITPOINT WARNING * * *
The wolf completely misses you.
As you read the scroll of teleportation, it crumbles to dust.
You feel strangely unstable. The wolf bites you.
* * * LOW HITPOINT WARNING * * *
A demonic guardian appears!
The wolf closely misses you. You block Grum's attack.
The wolf closely misses you. The wolf misses you.
The wolf attacks as you move away! The wolf closely misses you.
The wolf bites you.
* * * LOW HITPOINT WARNING * * *
The wolf attacks as you move away! You block the wolf's attack.
Your shadow imp misses the wolf.
The wolf misses you.
Your surroundings suddenly seem different. 2 rats, a quokka, 3 death yaks and a wyvern come into view.
Found a scroll of identify.
Found a staircase to the Lair.
The death yak bellows! x2; The hell rat roars deafeningly!
The wyvern is engulfed in freezing vapours.
The wyvern closely misses you.
The death yak bellows!
As you read the scroll of teleportation, it crumbles to dust.
You feel strangely unstable.
The wyvern is engulfed in freezing vapours.
The wyvern misses you.
You fade into invisibility!
The wyvern is engulfed in freezing vapours.
The wyvern closely misses you. The death yak barely misses you.
The death yak gores you!!
You die...

.##.................#
#.#......##.<#.....##
.......####.......##
..........# .....
....# ........r.##
......#....##..
......Yrr......
......l@....#
......YY....#
#......#....# ##.....
....# #..... ....#
#..... ....# #.....
..#.# ###### ...?#


You could see 3 death yaks, a wyvern (unable to see you), a hell rat (unable to
see you), a river rat (unable to see you) and a quokka (unable to see you).

Vanquished Creatures
  3 ice devils (D:8)
  Grinder (D:6)
  An orc warrior (D:8)
  A sky beast (D:8)
  2 black bears
  An ogre (D:4)
  A wolf (D:9)
  2 centaurs
  A bullfrog (D:6)
  2 necrophages
  2 scorpions
  2 wights
  5 killer bees (D:8)
  4 orc priests
  A gnoll bouda (D:3)
  5 hounds
  6 iguanas
  4 orc wizards
  Robin (D:4)
  3 gnolls
  6 adders
  2 white imps
  5 ufetubi (D:8)
  2 dart slugs (D:1)
  15 orcs
  3 bat skeletons (D:7)
  3 bat zombies (D:7)
  5 endoplasms
  6 giant cockroaches
  22 goblins
  8 hobgoblins
  8 jackals (D:2)
  7 kobolds
  5 quokkas
  A ball python (D:4)
  5 bats
  5 frilled lizards
  5 rats
161 creatures vanquished.

Vanquished Creatures (collateral kills)
  4 ice devils (D:8)
  A sky beast (D:6)
  6 wights
  An orc priest (D:7)
  3 orcs (D:7)
15 creatures vanquished.

Vanquished Creatures (others)
  19 plants
19 creatures vanquished.

Grand Total: 195 creatures vanquished

Notes
Turn   | Place    | Note
-------+----------+-------------------------------------------
     0 | D:1      | Newt the Demonspawn Gladiator began the quest for the Orb.
     0 | D:1      | Reached XP level 1. HP: 16/16 MP: 1/1
    41 | D:1      | Reached skill level 1 in Stealth
   120 | D:1      | Gained mutation: You sometimes gain a little power by
                  | taking damage. [demonic ancestry]
   120 | D:1      | Reached XP level 2. HP: 21/22 MP: 2/2
   885 | D:1      | Gained mutation: You sometimes gain power by taking damage.
                  | [demonic ancestry]
   885 | D:1      | Reached XP level 3. HP: 28/28 MP: 3/3
  1129 | D:2      | Found a faded altar of an unknown god.
  1140 | D:2      | Prayed at the altar of an unknown god.
  1140 | D:2      | Became a worshipper of Qazlal Stormbringer
  1140 | D:2      | Reached * piety under Qazlal
  1420 | D:2      | Gained mutation: You have an unusually large brain. (Int
                  | +2) [demonic ancestry]
  1420 | D:2      | Reached XP level 4. HP: 37/37 MP: 4/4
  2384 | D:3      | Found a shimmering blue altar of Sif Muna.
  2508 | D:3      | Reached ** piety under Qazlal
  2772 | D:4      | Noticed a scorpion
  2780 | D:4      | Killed a scorpion
  2781 | D:4      | Reached XP level 5. HP: 42/42 MP: 5/5
  2992 | D:4      | Noticed an ogre
  3007 | D:4      | Killed an ogre
  3008 | D:4      | Reached skill level 1 in Invocations
  3008 | D:4      | Reached XP level 6. HP: 48/48 MP: 5/7
  3016 | D:4      | Reached skill level 2 in Invocations
  3091 | D:4      | Noticed Robin
  3112 | D:4      | Killed Robin
  3225 | D:4      | Found a bloodstained altar of Trog.
  3225 | D:4      | Found a snail-covered altar of Cheibriados.
  3410 | D:4      | Reached skill level 3 in Invocations
  3672 | D:3      | Reached skill level 4 in Invocations
  3837 | D:5      | Entered Level 5 of the Dungeon
  3937 | D:5      | Reached XP level 7. HP: 51/54 MP: 10/10
  4413 | D:5      | Reached skill level 5 in Fighting
  4924 | D:6      | Noticed Grinder
  4933 | D:6      | Killed Grinder
  4934 | D:6      | Gained mutation: A weak demonic guardian rushes to your
                  | aid. [demonic ancestry]
  4934 | D:6      | Reached XP level 8. HP: 58/64 MP: 11/11
  6071 | D:6      | Reached *** piety under Qazlal
  6077 | D:6      | Reached skill level 5 in Evocations
  6597 | D:7      | Found a hide-covered altar of Uskayaw.
  6747 | D:7      | Found a snail-covered altar of Cheibriados.
  6762 | D:7      | Reached skill level 1 in Ranged Weapons
  6763 | D:7      | Reached XP level 9. HP: 47/69 MP: 6/12
  6841 | D:7      | Found a shimmering altar of Xom.
  6841 | D:7      | Found a hide-covered altar of Uskayaw.
  6843 | D:7      | Found a shimmering altar of Xom.
  6843 | D:7      | Found an iron altar of Okawaru.
  6937 | D:7      | Found a transporter.
  6939 | D:7      | Reached skill level 1 in Polearms
  7005 | D:7      | Found a transporter.
  7006 | D:7      | Found a bloodstained altar of Trog.
  7019 | D:7      | Noticed a moth of wrath
  7031 | D:7      | Noticed Shayle's ghost (novice TeBr)
  7084 | D:7      | Found a stormy altar of Qazlal.
  7142 | D:7      | Found a hazy altar of Hepliaklqana.
  7296 | D:7      | Found a staircase to the Ecumenical Temple.
  7362 | D:7      | Found an ancient bone altar of Kikubaaqudgha.
  7984 | D:8      | Found an ornate altar of the Wu Jian Council.
  8009 | D:8      | Noticed an ice devil
  8009 | D:8      | Noticed an ice devil
  8009 | D:8      | Noticed an ice devil
  8009 | D:8      | Noticed an ice devil
  8009 | D:8      | Noticed an ice devil
  8010 | D:8      | Noticed an ice devil
  8010 | D:8      | Noticed an ice statue
  8010 | D:8      | Noticed an ice devil
  8073 | D:8      | Killed an ice devil
  8077 | D:8      | Killed an ice devil
  8078 | D:8      | Reached skill level 5 in Polearms
  8169 | D:8      | Killed an ice devil
  8171 | D:8      | Killed an ice devil
  8172 | D:8      | Reached skill level 5 in Invocations
  8228 | D:8      | Killed an ice devil
  8229 | D:8      | Reached skill level 6 in Invocations
  8269 | D:8      | Killed an ice devil
  8270 | D:8      | Reached skill level 7 in Invocations
  8294 | D:8      | Killed an ice devil
  8295 | D:8      | Reached skill level 8 in Invocations
  8295 | D:8      | Reached XP level 10. HP: 76/76 MP: 14/16
  8846 | D:9      | Found a staircase to the Orcish Mines.
  8869 | D:9      | Noticed Grum
  8898 | D:9      | Found a staircase to the Lair.
  8898 | D:9      | Noticed a death yak
  8898 | D:9      | Noticed a death yak
  8898 | D:9      | Noticed a death yak
  8900 | D:9      | Mangled by a death yak

Illustrated notes

Levels and vault maps discovered:
D:1:      nicolae_arrival_somewhat_less_tricky_arrival, layout_basic,
          grunt_decor_cap, hangedman_abyss_or_decor_stabs, st_stairs_9,
          roderic_lattice_a
D:2:      layout_basic, serial_bayou, serial_bayou_crossing,
          serial_bayou_lagoon_b, serial_bayou_ford_a, serial_bayou_pond_e,
          basic_ecumenical_altar
D:3:      layout_loops_ring, nicolae_sif_muna_condensation
D:4:      layout_basic, gammafunk_temple_overflow_elements, serial_bayou_pond_c,
          uniq_robin
D:5:      layout_basic, minmay_tree_intersection
D:6:      layout_loops_corners, uniq_grinder
D:7:      layout_layer_cave, grunt_qazlal_clouds, kennysheep_vampire_church,
          nicolae_hepliaklqana_hazy_memory, doesnt_xom_only_xom,
          eat_drink_and_be_merry_uskayaw, temple_statues,
          gammafunk_ghost_wrathful_warriors, amcnicky_mini_corridor_feature,
          chequers_serial_rivers_small_3
D:8:      cheibrodos_frozen_isle, layout_basic, pdpol_wu_jian_five_deadly_venoms
D:9:      layout_cross, dpeg_lair_monsters, orc_0_dummy, uniq_prince_ribbit1,
          uniq_grum

Skill      XL: |  1  2  3  4  5  6  7  8  9 |
---------------+----------------------------+-----
Stealth        | 1 2 3 4 |  4.0
Fighting       | 3 4 6 |  6.0
Short Blades   | 3 4 |  4.0
Dodging        | 4 |  4.0
Invocations    | 1 4 8 |  8.8
Evocations     | 2 7 |  7.0
Ranged Weapons | 1 |  1.9
Polearms       | 6 |  6.0
Throwing       | |  1.7

Action                     |  1- 3 |  4- 6 |  7- 9 | 10-12 || total
---------------------------+-------+-------+-------+-------++-------
  Melee: Rapier            |   100 |       |       |       ||   100
         Punch             |     1 |     1 |     2 |       ||     4
         Dagger            |    77 |   190 |   174 |       ||   441
         Trident           |       |       |   170 |    32 ||   202
   Fire: Shortbow          |       |       |    22 |       ||    22
  Throw: Dart              |       |     6 |     4 |       ||    10
         Javelin           |       |     1 |    12 |       ||    13
 Invoke: Elemental Force   |       |       |     3 |       ||     3
    Use: Scroll            |       |    14 |    10 |     2 ||    26
         Potion            |       |       |     1 |     2 ||     3
   Stab: Sleeping          |     4 |       |       |       ||     4
 Armour: Leather armour    |    71 |    44 |    43 |     8 ||   166
  Dodge: Dodged            |   133 |   123 |   130 |    45 ||   431
  Block: Other             |     2 |    16 |    20 |    14 ||    52

Table legend: (Time is in decaauts)
 A = Elapsed time spent in this place.
 B = Non-inter-level travel time spent in this place.
 C = Inter-level travel time spent in this place.
 D = Time resting spent in this place.
 E = Time spent auto-exploring this place.
 F = Levels seen in this place.
 G = Mean time per level.
                   A        B        C        D        E       F      G
               +--------+--------+--------+--------+--------+-----+--------+
         Total |   8884 |   8739 |    145 |   1086 |   6044 |   9 |  987.1 |
       Dungeon |   8884 |   8739 |    145 |   1086 |   6044 |   9 |  987.1 |
               +--------+--------+--------+--------+--------+-----+--------+

Top non-repeatable levels by time:
     D:6: 1491 daAuts
     D:8: 1287 daAuts
     D:5: 1222 daAuts
     D:1: 1128 daAuts
     D:7: 961 daAuts
     D:2: 956 daAuts
     D:4: 873 daAuts
     D:3: 861 daAuts
     D:9: 101 daAuts
